AoeStats
← Oldspice

Fortress

510210121Analyzed
2v2 RM · 2d ago on Sep 30, 2026· 70m 18s· 4 players
Game mode
Random Map
Map size
Normal (6 player)
Population
200
Speed
Normal
Resources
Standard
Victory
Conquest
Starting age
Dark Age
Ending age
Imperial Age
RankedLock teamsTeams togetherTeam positionsShared explorationLock speedFull tech treeHidden civsTurbo modeCheats
Victory
Defeat
🇨🇦 Wei · Canada
1565
+18
🇺🇸 Khitans · United States
1505
+20
🇺🇸 Japanese · United States
1603
-19
🇫🇮 Mapuche · Finland
1598
-19
IVIUSTANG
7:41 Feudal Age
9:12 Double-Bit Axe
9:44 Horse Collar
12:19 Castle Age
10:22 Gold Mining
10:49 Stone Mining
13:25 Bow Saw
13:53 Heavy Plow
15:45 Loom
18:56 Wheelbarrow
21:20 Gold Shaft Mining
22:35 Hand Cart
23:28 Stone Shaft Mining
26:23 Imperial Age
24:06 Scale Barding Armor
24:12 Forging
25:42 Tuntian
26:06 Chain Barding Armor
26:33 Iron Casting
26:35 Elite Tiger Cavalry
27:50 Ming Guang Armor
28:18 Masonry
28:22 Fortified Wall
28:55 Conscription
30:21 Chemistry
29:10 Town Watch
30:58 Hoardings
34:03 Coinage
34:23 Fletching
36:58 Blast Furnace
38:00 Caravan
43:04 Bodkin Arrow
43:09 Padded Archer Armor
43:25 Elite Skirmisher
44:11 Thumb Ring
44:46 Bracer
45:26 Leather Archer Armor
45:33 Ballistics
47:45 Ring Archer Armor
49:43 Banking
55:21 Crossbowman
56:27 Parthian Tactics
61:58 Crop Rotation
66:43 Treadmill Crane
66:59 Murder Holes
Oldspice
8:35 Feudal Age
9:33 Double-Bit Axe
9:31 Domestication
12:30 Castle Age
13:29 Bow Saw
13:39 Pastoralism
16:25 Loom
17:16 Wheelbarrow
19:55 Hand Cart
20:58 Scale Mail Armor
21:29 Gold Mining
22:36 Stone Mining
26:05 Imperial Age
23:53 Town Watch
25:02 Fletching
25:13 Padded Archer Armor
25:44 Bodkin Arrow
26:37 Elite Skirmisher
28:00 Bracer
28:15 Leather Archer Armor
28:30 Heavy Rocket Cart
29:56 Ballistics
30:36 Chemistry
30:26 Ring Archer Armor
30:12 Chain Mail Armor
30:07 Forging
31:32 Ordo Cavalry
31:34 Lamellar Armor
31:27 Pikeman
32:32 Conscription
32:22 Elite Fire Lancer
34:20 Plate Mail Armor
34:25 Iron Casting
35:24 Caravan
36:02 Thumb Ring
41:14 Scale Barding Armor
41:01 Light Cavalry
41:41 Husbandry
42:04 Ordo Cavalry
41:53 Hussar
45:33 Chain Barding Armor
46:29 Transhumance
47:22 Plate Barding Armor
57:06 Two-Man Saw
60:49 Squires
60:35 Arson
61:10 Elite Liao Dao
62:23 Siege Engineers
62:04 Capped Ram
63:21 Siege Ram
65:05 Murder Holes
64:54 Treadmill Crane
65:25 Masonry
69:14 Guard Tower
p0ni spice latte
8:03 Feudal Age
11:33 Castle Age
9:33 Horse Collar
9:46 Double-Bit Axe
12:53 Heavy Plow
13:04 Bow Saw
18:32 Wheelbarrow
18:23 Gold Mining
18:26 Stone Mining
19:59 Gold Shaft Mining
20:10 Loom
20:40 Hand Cart
20:10 Town Watch
25:02 Imperial Age
23:01 Pikeman
23:41 Squires
23:42 Scale Mail Armor
24:45 Chain Mail Armor
24:35 Yasama
25:22 Halberdier
26:51 Plate Mail Armor
26:32 Forging
27:04 Fletching
27:39 Forging
28:25 Conscription
29:00 Iron Casting
28:45 Caravan
29:25 Ballistics
30:06 Chemistry
31:24 Blast Furnace
30:16 Fletching
30:28 Guard Tower
31:48 Arson
32:38 Bodkin Arrow
33:26 Bracer
34:17 Keep
34:52 Kataparuto
35:01 Bloodlines
34:51 Husbandry
34:58 Scale Barding Armor
34:36 Light Cavalry
36:24 Chain Barding Armor
36:46 Hoardings
37:43 Two-Man Saw
37:35 Gambesons
38:09 Elite Samurai
39:20 Siege Engineers
38:58 Treadmill Crane
39:28 Masonry
38:40 Capped Ram
39:35 Arrowslits
39:31 Treadmill Crane
40:01 Masonry
40:19 Fortified Wall
39:53 Treadmill Crane
40:23 Masonry
41:59 Padded Archer Armor
42:10 Murder Holes
41:50 Onager
42:35 Cavalier
44:17 Leather Archer Armor
44:43 Heavy Cavalry Archer
45:49 Parthian Tactics
45:30 Thumb Ring
61:08 Ring Archer Armor
62:36 Elite Skirmisher
mundobear
8:30 Feudal Age
9:29 Double-Bit Axe
9:25 Horse Collar
12:20 Castle Age
13:00 Wheelbarrow
13:29 Heavy Plow
13:42 Bow Saw
17:02 Loom
17:03 Town Watch
22:31 Hand Cart
22:08 Gold Mining
25:46 Imperial Age
23:14 Fletching
24:29 Bodkin Arrow
24:55 Ballistics
25:18 Padded Archer Armor
26:11 Malon
26:25 Elite Bolas Rider
28:37 Chemistry
27:49 Masonry
28:20 Conscription
28:13 Scale Mail Armor
28:23 Forging
28:29 Caravan
29:30 Siege Engineers
29:07 Pikeman
29:36 Champi Runner
30:33 Chain Mail Armor
31:40 Butalmapu
31:36 Elite Kona
32:21 Champi Warrior
32:30 Elite Skirmisher
35:08 Plate Mail Armor
35:13 Iron Casting
35:56 Leather Archer Armor
35:03 Elite Champi Warrior
36:40 Hoardings
37:35 Architecture
38:20 Blast Furnace
39:38 Murder Holes
41:49 Ring Archer Armor
40:57 Capped Ram
41:58 Onager
43:10 Halberdier
46:38 Arson
47:03 Treadmill Crane
51:19 Crop Rotation
Connection lost

Rejoining the realm…

Still unreachable

The connection could not be restored.

Session expired

The server has moved on; the page needs a fresh start.